TOP OF THE 1ST |
Atlantic City Sonics batting - Pitching for Chesapeake Continentals : RHP Yan van der Meijden
|
Pitching: RHP Yan van der Meijden
|
|
Batting: LHB Ruhinda Kirkconnell
|
0-0: Swinging Strike 0-1: Ball 1-1: Ball 2-1: SINGLE (Groundball, 56D, EV 103.8 MPH)
|
Batting: RHB Denis Perrin
|
0-0: Called Strike 0-1: Ball 1-1: Foul Ball, location: 2F 1-2: Strikes out looking
|
Batting: LHB Samual Johnson
|
0-0: Called Strike 0-1: Ball 1-1: Ball 2-1: Ball 3-1: Fly out, F9 (Flyball, 9, EV 88.1 MPH)
|
Batting: SHB John Clements
|
0-0: Ball 1-0: Swinging Strike 1-1: Swinging Strike 1-2: Strikes out swinging
|
Top of the 1st over - 0 runs, 1 hit, 0 errors, 1 left on base; Atlantic City 0 - Chesapeake 0 |
BOTTOM OF THE 1ST |
Chesapeake Continentals batting - Pitching for Atlantic City Sonics : RHP Ronald Hall
|
Pitching: RHP Ronald Hall
|
|
Batting: RHB Marvin Clark
|
0-0: Called Strike 0-1: Ground out 5-3 (Groundball, 56S, EV 68.1 MPH)
|
Batting: SHB Ricardo Serna
|
0-0: Called Strike 0-1: Fly out, F8 (Line Drive, 8RM, EV 110.0 MPH)
|
Batting: RHB Xiao-yong Huang
|
0-0: Ball 1-0: Called Strike 1-1: Called Strike 1-2: Foul Ball, location: 2F 1-2: Strikes out swinging
|
Bottom of the 1st over - 0 runs, 0 hits, 0 errors, 0 left on base; Atlantic City 0 - Chesapeake 0 |
TOP OF THE 2ND |
Atlantic City Sonics batting - Pitching for Chesapeake Continentals : RHP Yan van der Meijden
|
Batting: RHB Zhong-yan Zhang
|
0-0: Ball 1-0: Foul Ball, location: 2F 1-1: SOLO HOME RUN (Flyball, 7D, EV 105.0 MPH), Distance : 382 ft
|
Batting: LHB Quentin Batkin
|
0-0: Ball 1-0: Called Strike 1-1: Ball 2-1: SINGLE (Line Drive, 78S, EV 98.8 MPH)
|
Batting: RHB Tomás Flores
|
0-0: Called Strike 0-1: Ball 1-1: Ball Wild Pitch! Quentin Batkin to second 2-1: Foul Ball, location: 2F 2-2: Strikes out swinging
|
Batting: RHB Abhipala Srivastav
|
0-0: Ball 1-0: DOUBLE (Line Drive, 7LS, EV 108.1 MPH) Quentin Batkin scores
|
Batting: RHB Lloyd van Grootveld
|
0-0: Fly out, F9 (Flyball, 9LM, EV 79.4 MPH) Runner from 2nd tags up, SAFE at 3rd, no throw by RF
|
Batting: LHB Ruhinda Kirkconnell
|
0-0: Called Strike 0-1: Ball 1-1: Swinging Strike 1-2: Ball 2-2: Ground out 6-3 (Groundball, 6M, EV 83.1 MPH)
|
Top of the 2nd over - 2 runs, 3 hits, 0 errors, 1 left on base; Atlantic City 2 - Chesapeake 0 |
BOTTOM OF THE 2ND |
Chesapeake Continentals batting - Pitching for Atlantic City Sonics : RHP Ronald Hall
|
Batting: LHB Gustavo Zamora
|
0-0: Ball 1-0: Foul Ball, location: 2F 1-1: Foul Ball, location: 2F 1-2: Fly out, F9 (Flyball, 9D, EV 96.2 MPH)
|
Batting: RHB Omar Krutsinger
|
0-0: Ground out 5-3 (Groundball, 56, EV 78.8 MPH)
|
Batting: RHB Pat Hopkins
|
0-0: Foul Ball, location: 2F 0-1: Ball 1-1: Swinging Strike 1-2: Foul Ball, location: 2F 1-2: Ball 2-2: SOLO HOME RUN (Flyball, 7LD, EV 94.4 MPH), Distance : 369 ft
|
Batting: RHB John Juanda
|
0-0: Foul Ball, location: 2F 0-1: Fly out, F7 (Flyball, 78M, EV 93.1 MPH)
|
Bottom of the 2nd over - 1 run, 1 hit, 0 errors, 0 left on base; Atlantic City 2 - Chesapeake 1 |
TOP OF THE 3RD |
Atlantic City Sonics batting - Pitching for Chesapeake Continentals : RHP Yan van der Meijden
|
Batting: RHB Denis Perrin
|
0-0: Swinging Strike 0-1: SINGLE (Groundball, 56D, EV 100.6 MPH)
|
Batting: LHB Samual Johnson
|
0-0: Fly out, F3 (Popup, 34S, EV 75.6 MPH)
|
Batting: SHB John Clements
|
0-0: Foul Ball, location: 2F 0-1: Called Strike 0-2: Ball 1-2: Ball 2-2: Ball 3-2: SINGLE (Line Drive, 8RS, EV 107.5 MPH) Denis Perrin to second
|
Batting: RHB Zhong-yan Zhang
|
0-0: Ball 1-0: Ball 2-0: Fly out, F3 (Popup, 3, EV 66.2 MPH)
|
Batting: LHB Quentin Batkin
|
0-0: Ball 1-0: SINGLE (Line Drive, 4D, EV 102.5 MPH) Denis Perrin to third John Clements to second
|
Batting: RHB Tomás Flores
|
0-0: Called Strike 0-1: Ball 1-1: Foul Ball, location: 2F 1-2: Fly out, F9 (Line Drive, 9, EV 108.1 MPH)
|
Top of the 3rd over - 0 runs, 3 hits, 0 errors, 3 left on base; Atlantic City 2 - Chesapeake 1 |
BOTTOM OF THE 3RD |
Chesapeake Continentals batting - Pitching for Atlantic City Sonics : RHP Ronald Hall
|
Batting: RHB Júlio Abarco
|
0-0: Ball 1-0: Foul Ball, location: 2F 1-1: Ball 2-1: Ball 3-1: Swinging Strike 3-2: SINGLE (Groundball, 34D, EV 99.4 MPH)
|
Batting: RHB Charlie Passell
|
0-0: Called Strike 0-1: Ball 1-1: Foul Ball, location: 2F 1-2: Ball 2-2: Fielders Choice at 2nd, 1-4 (Groundball, 15S, EV 73.8 MPH)
|
Batting: RHB Marvin Clark
|
0-0: Ball 1-0: Ball 2-0: Ball 3-0: Base on Balls Charlie Passell to second
|
Batting: SHB Ricardo Serna
|
0-0: Called Strike 0-1: Ball 1-1: Fly out, F8 (Line Drive, 8RM, EV 88.8 MPH)
|
Batting: RHB Xiao-yong Huang
|
0-0: SINGLE (Line Drive, 7S, EV 99.4 MPH) Charlie Passell to third Marvin Clark to second
|
Batting: LHB Gustavo Zamora
|
0-0: Ball 1-0: Ball 2-0: Ground out 3-1 (Groundball, 34S, EV 83.8 MPH)
|
Bottom of the 3rd over - 0 runs, 2 hits, 0 errors, 3 left on base; Atlantic City 2 - Chesapeake 1 |
TOP OF THE 4TH |
Atlantic City Sonics batting - Pitching for Chesapeake Continentals : RHP Yan van der Meijden
|
Batting: RHB Abhipala Srivastav
|
0-0: Called Strike 0-1: Fly out, F9 (Flyball, 89S, EV 78.8 MPH)
|
Batting: RHB Lloyd van Grootveld
|
0-0: Foul Ball, location: 2F 0-1: Ball 1-1: Ball 2-1: Foul Ball, location: 2F 2-2: Fly out, F8 (Flyball, 8LS, EV 88.8 MPH)
|
Batting: LHB Ruhinda Kirkconnell
|
0-0: SINGLE (Groundball, 34D, EV 107.5 MPH)
|
Batting: RHB Denis Perrin
|
0-0: Ball 1-0: Ball 2-0: Ball 3-0: Called Strike 3-1: Base on Balls Ruhinda Kirkconnell to second
|
Batting: LHB Samual Johnson
|
0-0: Ball 1-0: Foul Ball, location: 2F 1-1: Ball 2-1: Foul Ball, location: 2F 2-2: Fly out, F8 (Flyball, 8LXD, EV 100.0 MPH)
|
Top of the 4th over - 0 runs, 1 hit, 0 errors, 2 left on base; Atlantic City 2 - Chesapeake 1 |
BOTTOM OF THE 4TH |
Chesapeake Continentals batting - Pitching for Atlantic City Sonics : RHP Ronald Hall
|
Batting: RHB Omar Krutsinger
|
0-0: Called Strike 0-1: Ball 1-1: Ball 2-1: Foul Ball, location: 2F 2-2: Ball 3-2: Foul Ball, location: 2F 3-2: Fly out, F3 (Popup, 3S, EV 63.8 MPH)
|
Batting: RHB Pat Hopkins
|
0-0: Ball 1-0: Fly out, F7 (Flyball, 7LS, EV 90.6 MPH)
|
Batting: RHB John Juanda
|
0-0: Ground out 5-3 (Groundball, 56D, EV 80.6 MPH)
|
Bottom of the 4th over - 0 runs, 0 hits, 0 errors, 0 left on base; Atlantic City 2 - Chesapeake 1 |
TOP OF THE 5TH |
Atlantic City Sonics batting - Pitching for Chesapeake Continentals : RHP Yan van der Meijden
|
Batting: SHB John Clements
|
0-0: Fly out, F7 (Line Drive, 7, EV 93.8 MPH)
|
Batting: RHB Zhong-yan Zhang
|
0-0: Ball 1-0: Called Strike 1-1: Ball 2-1: Fly out, F8 (Flyball, 89M, EV 91.9 MPH)
|
Batting: LHB Quentin Batkin
|
0-0: Ball 1-0: Ball 2-0: SINGLE (Line Drive, 8LS, EV 94.4 MPH)
|
Batting: RHB Tomás Flores
|
0-0: Called Strike 0-1: Ball 1-1: Ball 2-1: Foul Ball, location: 2F 2-2: Ball 3-2: Fly out, F8 (Flyball, 8RS, EV 95.0 MPH)
|
Top of the 5th over - 0 runs, 1 hit, 0 errors, 1 left on base; Atlantic City 2 - Chesapeake 1 |
BOTTOM OF THE 5TH |
Chesapeake Continentals batting - Pitching for Atlantic City Sonics : RHP Ronald Hall
|
Batting: RHB Júlio Abarco
|
0-0: Ball 1-0: Ball 2-0: Ball 3-0: Base on Balls
|
Batting: RHB Charlie Passell
|
0-0: Called Strike 0-1: Swinging Strike 0-2: Ball 1-2: Grounds into double play, 5-4-3 (Groundball, 56, EV 109.4 MPH)
|
Batting: RHB Marvin Clark
|
0-0: Ball 1-0: Ball 2-0: Ground out 5-3 (Groundball, 5, EV 88.1 MPH)
|
Bottom of the 5th over - 0 runs, 0 hits, 0 errors, 0 left on base; Atlantic City 2 - Chesapeake 1 |
TOP OF THE 6TH |
Atlantic City Sonics batting - Pitching for Chesapeake Continentals : RHP Yan van der Meijden
|
Batting: RHB Abhipala Srivastav
|
0-0: Called Strike 0-1: Ball 1-1: Ball 2-1: Swinging Strike 2-2: Strikes out swinging
|
Batting: RHB Lloyd van Grootveld
|
0-0: Called Strike 0-1: Called Strike 0-2: Ball 1-2: Foul Ball, location: 2F 1-2: DOUBLE (Line Drive, 7LD, EV 108.8 MPH)
|
Pitching: RHP Manuel Nieves
|
|
Batting: LHB Ruhinda Kirkconnell
|
0-0: Ball 1-0: Called Strike 1-1: Ball 2-1: Ball 3-1: Foul Ball, location: 2F 3-2: Base on Balls
|
Batting: RHB Denis Perrin
|
0-0: Fly out, F4 (Popup, 4, EV 66.2 MPH)
|
Batting: LHB Samual Johnson
|
0-0: Ground out 4-3 (Groundball, 4, EV 94.4 MPH)
|
Top of the 6th over - 0 runs, 1 hit, 0 errors, 2 left on base; Atlantic City 2 - Chesapeake 1 |
BOTTOM OF THE 6TH |
Chesapeake Continentals batting - Pitching for Atlantic City Sonics : RHP Ronald Hall
|
Batting: SHB Ricardo Serna
|
0-0: Ball 1-0: SINGLE (Line Drive, 8LS, EV 98.1 MPH)
|
Batting: RHB Xiao-yong Huang
|
0-0: 2-RUN HOME RUN (Flyball, 78XD, EV 98.1 MPH), Distance : 406 ft
|
Batting: LHB Gustavo Zamora
|
0-0: Ball 1-0: SINGLE (Flyball, 9S, EV 92.5 MPH)
|
Batting: RHB Omar Krutsinger
|
0-0: Called Strike 0-1: Foul Ball, location: 2F 0-2: Ball 1-2: Fly out, F8 (Line Drive, 8LD, EV 103.1 MPH)
|
Batting: RHB Pat Hopkins
|
0-0: Ball 1-0: Ball 2-0: Called Strike 2-1: Called Strike 2-2: Foul Ball, location: 2F 2-2: SINGLE (Line Drive, 4D, EV 97.5 MPH) Gustavo Zamora to second
|
Batting: RHB John Juanda
|
0-0: Ball 1-0: Ball 2-0: Foul Ball, location: 2F 2-1: Foul Ball, location: 2F 2-2: Foul Ball, location: 2F 2-2: Ball 3-2: Strikes out swinging
|
Batting: RHB Júlio Abarco
|
0-0: Foul Ball, location: 2F 0-1: Foul Ball, location: 2F 0-2: Ball 1-2: Strikes out swinging
|
Bottom of the 6th over - 2 runs, 4 hits, 0 errors, 2 left on base; Atlantic City 2 - Chesapeake 3 |
TOP OF THE 7TH |
Atlantic City Sonics batting - Pitching for Chesapeake Continentals : RHP Manuel Nieves
|
Batting: SHB John Clements
|
0-0: Ball 1-0: Ground out 5-3 (Groundball, 56S, EV 76.9 MPH)
|
Batting: RHB Zhong-yan Zhang
|
0-0: Called Strike 0-1: Swinging Strike 0-2: Foul Ball, location: 2F 0-2: Foul Ball, location: 2F 0-2: Ball 1-2: Strikes out swinging
|
Batting: LHB Quentin Batkin
|
0-0: Ball 1-0: Ball 2-0: Foul Ball, location: 2F 2-1: Ball 3-1: Base on Balls
|
Batting: RHB Tomás Flores
|
0-0: Ball 1-0: Foul Ball, location: 2F 1-1: Ball 2-1: Called Strike 2-2: Foul Ball, location: 2F 2-2: Foul Ball, location: 2F 2-2: Ball 3-2: Foul Ball, location: 2F 3-2: Foul Ball, location: 2F 3-2: Foul Ball, location: 2F 3-2: Foul Ball, location: 2F 3-2: Strikes out swinging
|
Top of the 7th over - 0 runs, 0 hits, 0 errors, 1 left on base; Atlantic City 2 - Chesapeake 3 |
BOTTOM OF THE 7TH |
Chesapeake Continentals batting - Pitching for Atlantic City Sonics : RHP Ronald Hall
|
Batting: RHB Charlie Passell
|
0-0: Ball 1-0: Ball 2-0: Ground out 5-3 (Groundball, 56, EV 108.1 MPH)
|
Batting: RHB Marvin Clark
|
0-0: Ball 1-0: Ball 2-0: Fly out, F7 (Flyball, 7, EV 78.8 MPH)
|
Batting: SHB Ricardo Serna
|
0-0: Ball 1-0: Ground out 5-3 (Groundball, 56S, EV 83.1 MPH)
|
Bottom of the 7th over - 0 runs, 0 hits, 0 errors, 0 left on base; Atlantic City 2 - Chesapeake 3 |
TOP OF THE 8TH |
Atlantic City Sonics batting - Pitching for Chesapeake Continentals : RHP Manuel Nieves
|
Batting: RHB Abhipala Srivastav
|
0-0: Ground out 6-3 (Groundball, 56, EV 78.8 MPH)
|
Batting: RHB Lloyd van Grootveld
|
0-0: Called Strike 0-1: SINGLE (Line Drive, 4MD, EV 96.2 MPH)
|
Pitching: LHP Miracle Popoola
|
|
Pinch Hitting: RHB Domingo Cabrera
|
0-0: Called Strike 0-1: SINGLE (Line Drive, 34D, EV 112.5 MPH) Lloyd van Grootveld to second
|
Batting: RHB Denis Perrin
|
0-0: Ball 1-0: Bunted foul 1-1: Bunt missed! 1-2: Ground out 5-3 (Groundball, 56S, EV 76.2 MPH) Lloyd van Grootveld to third Domingo Cabrera to second
|
Batting: LHB Samual Johnson
|
0-0: Ball 1-0: Foul Ball, location: 2F 1-1: Ball 2-1: Ball 3-1: Base on Balls
|
Batting: SHB John Clements
|
0-0: Called Strike 0-1: Foul Ball, location: 2F 0-2: Ball Wild Pitch! Lloyd van Grootveld scores Domingo Cabrera to third Samual Johnson to second 1-2: Ball 2-2: Foul Ball, location: 2F 2-2: Strikes out swinging
|
Top of the 8th over - 1 run, 2 hits, 0 errors, 2 left on base; Atlantic City 3 - Chesapeake 3 |
BOTTOM OF THE 8TH |
Chesapeake Continentals batting - Pitching for Atlantic City Sonics : RHP Ronald Hall
|
Now at 3B: Trevor Boele
|
|
Batting: RHB Xiao-yong Huang
|
0-0: Called Strike 0-1: Ball 1-1: Hit by Pitch
|
Pitching: LHP Einar Engberg
|
|
Batting: LHB Gustavo Zamora
|
0-0: Ball 1-0: Called Strike 1-1: Foul Ball, location: 2F 1-2: Fly out, F7 (Flyball, 7, EV 90.0 MPH)
|
Batting: RHB Omar Krutsinger
|
0-0: Called Strike 0-1: Ball 1-1: Ball 2-1: Ball 3-1: Fly out, F8 (Flyball, 8RXD, EV 97.5 MPH)
|
Batting: RHB Pat Hopkins
|
0-0: Called Strike 0-1: Called Strike 0-2: Ball 1-2: Strikes out swinging, 2-3 out at first.
|
Bottom of the 8th over - 0 runs, 0 hits, 0 errors, 1 left on base; Atlantic City 3 - Chesapeake 3 |
TOP OF THE 9TH |
Atlantic City Sonics batting - Pitching for Chesapeake Continentals : LHP Miracle Popoola
|
Pitching: LHP Brooks Senetzer
|
|
Batting: RHB Zhong-yan Zhang
|
0-0: Foul Ball, location: 2F 0-1: Foul Ball, location: 2F 0-2: Ball 1-2: Foul Ball, location: 2F 1-2: SINGLE (Line Drive, 89S, EV 105.0 MPH)
|
Batting: LHB Quentin Batkin
|
0-0: Ball 1-0: Ball 2-0: Ball 3-0: Called Strike 3-1: Bunted foul 3-2: SINGLE (Line Drive, 6D, EV 110.0 MPH) Zhong-yan Zhang to second Zhong-yan Zhang to third
|
Batting: RHB Tomás Flores
|
0-0: Ball 1-0: Called Strike 1-1: Ball 2-1: SINGLE (Groundball, 56, EV 85.0 MPH) (infield hit) Zhong-yan Zhang scores Quentin Batkin to second
|
Batting: RHB Abhipala Srivastav
|
0-0: Ball 1-0: Called Strike 1-1: Swinging Strike 1-2: Foul Ball, location: 2F 1-2: Fly out, F7 (Flyball, 7D, EV 100.0 MPH)
|
Batting: RHB Lloyd van Grootveld
|
0-0: Ball 1-0: Foul Ball, location: 2F 1-1: Foul Ball, location: 2F 1-2: Ground out 5-3 (Groundball, 56S, EV 71.2 MPH) Quentin Batkin to third Tomás Flores to second
|
Batting: RHB Trevor Boele
|
0-0: Ball 1-0: Called Strike 1-1: Foul Ball, location: 2F 1-2: Ball 2-2: Fly out, F8 (Flyball, 8LD, EV 86.9 MPH)
|
Top of the 9th over - 1 run, 3 hits, 0 errors, 2 left on base; Atlantic City 4 - Chesapeake 3 |
BOTTOM OF THE 9TH |
Chesapeake Continentals batting - Pitching for Atlantic City Sonics : LHP Einar Engberg
|
Pitching: RHP Santiago Morán
|
|
Now in RF: Gene Payne
|
|
Pinch Hitting: LHB Jarred Williamson
|
0-0: Ball 1-0: Swinging Strike 1-1: Ball 2-1: Foul Ball, location: 2F 2-2: Ball 3-2: Base on Balls
|
Pinch Runner at 1st Tolenka Kafengauz:
|
|
Batting: RHB Júlio Abarco
|
0-0: Ball 1-0: Foul Ball, location: 2F 1-1: Foul Ball, location: 2F 1-2: Foul Ball, location: 2F 1-2: SINGLE (Groundball, 34D, EV 97.5 MPH) Tolenka Kafengauz to second Runner from 2nd tries for 3rd, SAFE, no throw by RF
|
Pinch Hitting: RHB Nick Harper
|
0-0: Ball 1-0: Swinging Strike 1-1: Fly out, F9 (Flyball, 9, EV 73.8 MPH) Throwing error, E9 Tolenka Kafengauz scores Júlio Abarco to second
|
Batting: RHB Marvin Clark
|
0-0: Called Strike 0-1: Ball 1-1: Ball 2-1: SINGLE (Groundball, 4MD, EV 105.6 MPH) Júlio Abarco to third
|
Batting: SHB Ricardo Serna
|
0-0: SINGLE (Flyball, 9LS, EV 95.0 MPH) Júlio Abarco scores
|
 |
Wednesday, July 8th, 2020 - OOTP Baseball 20.8 Build 74
|
|